[Event "*** Titled Tuesday Blitz"]
[Site "Chess.com"]
[Date "2018.04.03"]
[Round "1"]
[White "DrZeiss"]
[Black "maciek_92"]
[Result "1/2-1/2"]
[WhiteElo "2216"]
[BlackElo "2539"]
[TimeControl "180+2"]
[EndTime "13:13:22 PDT"]
[Termination "Game drawn by repetition"]

1. e4 c5 2. Nf3 Nc6 3. d4 cxd4 4.
Nxd4 e6 5. Nb5 d6 6. c4 a6 7.
N5a3 Nf6 8. Nc3 b6 9. Be2 Bb7 10.
f4 Nd7 11. O-O Be7 12. Be3 O-O 13. Rc1 Qb8 14. Bf3 Rd8 15. Qe2 Nc5 16. Rfd1 Nb4 17. Nab1 Nc6 18. Qf2 Bf6 19. g4 g6 20. g5 Bg7 21. h4 b5 22. cxb5 axb5 23. e5 Nb4 24. Bxc5 dxc5 25. Rxd8+ Qxd8 26. Bxb7 Rb8 27. Be4 Bf8 28.
Rd1 Qc7 29. a3 Na6 30. Qd2 c4 31. Kg2 Nc5 32. Bc2 Be7 33. Ne4 Rd8 34. Qe2 Rb8 35.
Nxc5 Qxc5 36. Nc3 b4 37. Ne4 Qc6 38. Qf3 Qb6 39. Rd7 bxa3 40. bxa3 Qb2 41. Qe2 Qxa3 42. Nf6+ Kg7 43. Qxc4 Rb4 44. Qd3 Qa8+ 45. Qf3 Qc8 46.
Be4 Rb2+ 47. Kh3 Qc5 48. Rd1 Rf2 49. Qd3 Ra2 50. h5 Ra3 51. h6+ Kh8 52. Qxa3 Qxa3+ 53. Rd3 Qc1 54. Rd7 Qe3+ 55. Kg4 Qg1+ 56. Kf3 Qh1+ 57.
Ke3 Bc5+ 58. Kd3 Qf1+ 59. Kc3 Qc1+ 60. Kb3 Qa3+ 61. Kc4 Qb4+ 62. Kd3 Be7 63. Rb7 Qa3+ 64. Ke2 Qa2+ 65. Kf3 Qa3+ 66. Kg4 Qc5 67. Rb8+ Bf8 68. Nd7 Qg1+ 69. Kf3 Qh1+ 70. Kg3 Qe1+ 71. Kf3 Qd1+ 72. Kf2 Qd2+ 73. Kf3 Qd1+ 74. Kg3 Qe1+ 75. Kf3 Qf1+ 76. Kg3 Qg1+ 77. Kh3 Qe3+ 78. Kg4 f5+ 79. exf6 Qg1+ 80. Kf3 Qh1+ 81. Ke3 Qe1+ 82. Kd3 Qd1+ 83. Kc4 Qc1+ 84. Kd4 Qd2+ 85. Kc4 Qc1+ 86. Kd3 Qd1+ 87. Ke3 Qe1+ 88. Kf3 Qf1+ 89. Kg3 Qe1+ 90. Kh3 Qe3+ 91. Kg4 Qg1+ 92.
Kf3 Qf1+ 93. Ke3 Qe1+ 94. Kd3 Qd1+ 95. Ke3 Qe1+ 96. Kf3 Qf1+ 1/2-1/2

[Event "*** Titled Tuesday Blitz"]
[Site "Chess.com"]
[Date "2018.04.03"]
[Round "1"]
[White "dianosky"]
[Black "Korchmar_Vasiliy"]
[Result "0-1"]
[WhiteElo "2276"]
[BlackElo "2613"]
[TimeControl "180+2"]
[EndTime "13:14:09 PDT"]
[Termination "Korchmar_Vasiliy won by checkmate"]

1. d4 Nf6 2. c4 g6 3. Nc3 d5 4. cxd5 Nxd5 5. e4 Nxc3 6. bxc3 Bg7 7. Bb5+ c6 8. Bd3 O-O 9. Ne2 c5 10. Be3 b6 11. O-O Bb7 12. f3 Nd7 13. a4 Qc7 14. a5 bxa5 15. Qa4 Rfb8 16. Qxa5 Qc8 17. Rfc1 e6 18. Bb5 a6 19. Bxd7 Qxd7 20. Qxc5 h5 21.
Rab1 h4 22. Bf4 Rc8 23. Qd6 Qxd6 24. Bxd6 Bc6 25. c4 a5 26. d5 Be8 27. c5 exd5 28.
exd5 a4 29. c6 a3 30. c7 a2 31. Ra1 Bxa1 32. Rxa1 Ra6 33. Be5 f6 34. Bb2 Rxc7 35. Nc3 Rb7 36. Bc1 Rb3 37. Rxa2 Rxc3 38. Rxa6 Rxc1+ 39.
Kf2 Kf7 40. Ra7+ Kf8 41. f4 Rd1 42. Rh7 g5 43. fxg5 fxg5 44. Rh8+ Ke7 45. Rh7+ Kf6 46. Rh6+ Bg6 47. g3 hxg3+ 48. Kxg3 Rd3+ 49. Kf2 Rxd5 50. h4 g4 51. Rh8 Kf5 52. Rf8+ Ke4 53. Kg3 Bh5 54. Rf4+ Ke5 55. Ra4 Rd3+ 56. Kg2 Rd4 57. Ra5+ Rd5 58. Ra4 Kf5 59. Ra3 Re5 60. Kg3 Bf7 61. Rc3 Bd5 62. Ra3 Bf3 63. Ra7 Re2 64. Ra5+ Kg6 65. Ra6+ Kf5 66. Ra5+ Re5 67. Ra4 Be4 68.
Ra7 Bd5 69. Ra3 Bc4 70. Rc3 Bb5 71. h5 Rd5 72. h6 Be2 73. h7 Rd8 74. Rc5+ Kg6 75.
Rc7 Bf3 76. Kf4 Rh8 77. Rc6+ Kxh7 78. Rc7+ Kg6 79. Rd7 Rf8+ 80. Kg3 Kf5 81. Ra7 Rh8 82. Ra5+ Ke6 83. Kf4 Rd8 84. Re5+ Kf6 85. Ra5 Rd4+ 86.
Kg3 Rd3 87. Kf4 Ke6 88. Re5+ Kd6 89. Rh5 Rd5 90. Rh8 Kc5 91. Rb8 Kd4 92. Rb4+ Kc3 93.
Ra4 Rb5 94. Kg3 Kd2 95. Ra2+ Kc3 96. Ra3+ Rb3 97. Ra2 Kd4 98. Kf4 Bd1 99. Ra4+ Kc3 100.
Ra7 Kb2 101. Rd7 Rf3+ 102. Ke4 Kc1 103. Rd6 Rf7 104. Ke3 Bc2 105. Ra6 Rf3+ 106. Ke2 Bd3+ 107. Ke1 Rf1# 0-1

[Event "*** Titled Tuesday Blitz"]
[Site "Chess.com"]
[Date "2018.04.03"]
[Round "1"]
[White "ST-Sandavagur"]
[Black "blitzcopter"]
[Result "0-1"]
[WhiteElo "2459"]
[BlackElo "2140"]
[TimeControl "180+2"]
[EndTime "13:14:13 PDT"]
[Termination "blitzcopter won by resignation"]

1. e4 c6 2. d4 d5 3. f3 dxe4 4. fxe4 e5 5. Nf3 Bg4 6. Bc4 Nd7 7. O-O Ngf6 8. c3 Bd6 9. Qb3 O-O 10. Qxb7 Nxe4 11.
Qxc6 Bxf3 12. Rxf3 Ndf6 13. Nd2 Rc8 14. Qa6 exd4 15.
Nxe4 Nxe4 16. Bf4 dxc3 17. bxc3 Bc5+ 18. Kh1 Nf2+ 19. Rxf2 Bxf2 20. Rf1 Bb6 21. Bb3 Qf6 22. Bg3 Qg6 23. Bxf7+ Qxf7 24. Rxf7 Kxf7 25. Be5 Rfe8 26. Qb7+ Bc7 27. Qd5+ Kf8 28. Bg3 Bxg3 29. hxg3 Rcd8 30. Qc5+ Kg8 31. Qxa7 Re6 32. g4 Red6 33. a4 R8d7 34. Qb8+ Kf7 35. Qb3+ Ke7 36. Qb4 Kd8 37. a5 Rh6+ 38.
Kg1 Rd1+ 39. Kf2 Rf6+ 40. Ke2 Rdd6 41. Qb8+ Ke7 42. Qc7+ Kf8 43. c4 Rc6 44. Qd8+ Kf7 45. Qd5+ Rfe6+ 46. Kf3 Kf8 47. Kf4 Rf6+ 48. Kg3 Rfd6 49.
Qb5 Kf7 50. g5 h6 51. Qf5+ Kg8 52. gxh6 Rxh6 53. Qd5+ Kh7 54. Kf4 Rcf6+ 55. Ke3 Re6+ 56. Kf2 Rhf6+ 57. Kg1 Re1+ 58. Kh2 Rh6+ 59. Kg3 Ree6 60. Qd3+ Rhg6+ 61. Kf4 Kg8 62. g4 Rgf6+ 63. Kg3 Rd6 64. Qe4 g6 65. c5 Rde6 66. Qd5 Kg7 67. g5 Re3+ 68. Kg4 Rfe6 69. Kf4 Re1 70. c6 Rf1+ 71. Kg3 Re7 72. Qd6 Rff7 73. a6 Ra7 74. Qd4+ Kg8 75. Qc4 Kg7 76. Kg4 Rfc7 77. Qd4+ Kg8 78.
Qf6 Rg7 79. Qd8+ Kh7 80. Kf4 Rge7 81. Qd3 Rac7 82. Qb5 Kg7 83. Qb2+ Kg8 84. Qc3 Ra7 85. Qc5 Rf7+ 86. Ke5 Rf5+ 87. Kd6 Rxc5 88. Kxc5 Rxa6 89. c7 Ra1 90. Kd6 Rd1+ 91. Ke7 Rc1 92. Kd7 Kf7 93. c8=Q Rxc8 94. Kxc8 Ke6 95. Kc7 Kf5 96. Kd6 Kxg5 97. Ke5 Kh4 98. Kf4 g5+ 99. Kf3 Kh3 100. Kf2 g4 101.
Kg1 Kg3 102. Kh1 Kf2 103. Kh2 g3+ 104. Kh1 g2+ 0-1

[Event "*** Titled Tuesday Blitz"]
[Site "Chess.com"]
[Date "2018.04.03"]
[Round "2"]
[White "FontVella8"]
[Black "thegreatauk"]
[Result "1-0"]
[WhiteElo "1845"]
[BlackElo "1913"]
[TimeControl "180+2"]
[EndTime "13:15:46 PDT"]
[Termination "FontVella8 won by checkmate"]

1. e4 c5 2. Nf3 d6 3. d4 cxd4 4. Nxd4 Nf6 5. f3 g6 6. c4 Bg7 7.
Nc3 Nc6 8. Be3 Nd7 9. Qd2 a5 10.
Be2 Nc5 11. O-O O-O 12. Rfd1 Nxd4 13. Bxd4 Bxd4+ 14. Qxd4 Qb6 15. Nd5 Qa7 16. Nxe7# 1-0

[Event "*** Titled Tuesday Blitz"]
[Site "Chess.com"]
[Date "2018.04.03"]
[Round "2"]
[White "DiogenesSinopeus"]
[Black "Kislov_Oleg"]
[Result "1-0"]
[WhiteElo "2419"]
[BlackElo "2254"]
[TimeControl "180+2"]
[EndTime "13:17:07 PDT"]
[Termination "DiogenesSinopeus won by resignation"]

1. d4 d5 2. c4 dxc4 3. e4 Nf6 4.
e5 Nd5 5. Bxc4 Nb6 6. Bb3 Nc6 7.
Nf3 Bg4 8. Bxf7+ Kxf7 9. Ng5+ Ke8 10. Qxg4 Qxd4 11. Qe2 Qxe5 12. Be3 Nd5 13. Nf3 Qe6 14.
O-O Rd8 15. Nc3 Nf4 16. Bxf4 1-0

[Event "*** Titled Tuesday Blitz"]
[Site "Chess.com"]
[Date "2018.04.03"]
[Round "2"]
[White "HaryKane"]
[Black "Rodalquilar"]
[Result "1-0"]
[WhiteElo "2443"]
[BlackElo "2453"]
[TimeControl "180+2"]
[EndTime "13:17:48 PDT"]
[Termination "HaryKane won by resignation"]

1. e4 c5 2. Nf3 Nc6 3. d4 cxd4 4. Nxd4 d6 5. Nc3 g6 6. Be3 Nf6 7. f3 Bg7 8. Qd2 O-O 9. Bc4 Bd7 10. h4 h5 11. O-O-O Rc8 12. Bb3 Ne5 13. Rdg1 Nc4 14. Bxc4 Rxc4 15. g4 hxg4 16. h5 gxh5 17. fxg4 Bxg4 18.
Nf5 Nxe4 19. Rxg4 hxg4 20. Qh2 1-0

[Event "*** Titled Tuesday Blitz"]
[Site "Chess.com"]
[Date "2018.04.03"]
[Round "2"]
[White "Al_Shima"]
[Black "comedy_of_errors"]
[Result "0-1"]
[WhiteElo "2265"]
[BlackElo "2429"]
[TimeControl "180+2"]
[EndTime "13:18:31 PDT"]
[Termination "comedy_of_errors won by resignation"]

1. b3 d5 2. Bb2 c5 3. e3 a6 4. f4 Nc6 5. Nf3 Nf6 6. Bd3 g6 7. Ne5 Qc7 8. Nc3 Bg7 9. Nxc6 Qxc6 10. Qf3 O-O 11. h3 b5 12. a4 b4 13. Na2 Bb7 14. O-O Rad8 15. Be5 a5 16. Rf2 Qb6 17. Qe2 Rfe8 18. Bb5 Bc6 19. Bxc6 Qxc6 20. c3 Ne4 21. Bxg7 Nxf2 22. cxb4 Kxg7 23. b5 Qf6 0-1

[Event "*** Titled Tuesday Blitz"]
[Site "Chess.com"]
[Date "2018.04.03"]
[Round "2"]
[White "mokerslag"]
[Black "ChessQueen"]
[Result "0-1"]
[WhiteElo "2415"]
[BlackElo "2652"]
[TimeControl "180+2"]
[EndTime "13:18:33 PDT"]
[Termination "ChessQueen won by resignation"]

1. e4 e5 2. Nf3 Nc6 3. Bc4 Bc5 4. O-O Nf6 5. d4 Bxd4 6. Nxd4 Nxd4 7. f4 d6 8. fxe5 dxe5 9. Bg5 Be6 10. Na3 Rg8 11.
c3 Bxc4 12. Nxc4 Nc6 13. Qa4 Qe7 14. Ne3 O-O-O 15. Bxf6 gxf6 16. Nd5 Qe6 17. Rxf6 Qg4 18. Rf2 Rxd5 19. h3 Qh4 20. Qb3 Qxe4 21. Raf1 0-1

[Event "*** Titled Tuesday Blitz"]
[Site "Chess.com"]
[Date "2018.04.03"]
[Round "2"]
[White "Parhamov"]
[Black "Saitama_Hero"]
[Result "1-0"]
[WhiteElo "2814"]
[BlackElo "2137"]
[TimeControl "180+2"]
[EndTime "13:18:45 PDT"]
[Termination "Parhamov won by resignation"]

1. e4 d6 2. d4 g6 3. Nc3 Bg7 4. f4 Nf6 5. Nf3 O-O 6. e5 Nfd7 7. h4 c5 8. h5 cxd4 9. Qxd4 Qb6 10. hxg6 hxg6 11.
Nd5 Qd8 12. f5 e6 13. f6 exd5 14. fxg7 Re8 15. Bg5 Nxe5 16. O-O-O f6 17. Qh4 fxg5 18. Qh7+ 1-0

[Event "*** Titled Tuesday Blitz"]
[Site "Chess.com"]
[Date "2018.04.03"]
[Round "2"]
[White "pKiLz5Rn9b"]
[Black "GM_dmitrij"]
[Result "1-0"]
[WhiteElo "2634"]
[BlackElo "2686"]
[TimeControl "180+2"]
[EndTime "13:19:06 PDT"]
[Termination "pKiLz5Rn9b won by checkmate"]

1. c4 e5 2. g3 c6 3. Bg2 d5 4. Nf3 e4 5. Nd4 dxc4 6. Nc2 Nf6 7. Nc3 Bd6 8. O-O Na6 9. Ne3 b5 10. Nxe4 Nxe4 11. Bxe4 Qb6 12. b3 Bh3 13. Bb2 Bxf1 14. Qxf1 Nc5 15. Qg2 O-O-O 16. Bxc6 Kb8 17. bxc4 b4 18. d4 Ne6 19. c5 Nxc5 20. Nc4 Qc7 21. dxc5 Bxc5 22. Be5 Bd6 23. Nxd6 Rxd6 24. Bxd6 Qxd6 25.
Qd5 Kc7 26. Rc1 Rd8 27. Qxf7+ Kb6 28. Qb7+ Ka5 29. Qxa7# 1-0

[Event "*** Titled Tuesday Blitz"]
[Site "Chess.com"]
[Date "2018.04.03"]
[Round "2"]
[White "Doraemon7"]
[Black "amiralfio"]
[Result "1-0"]
[WhiteElo "2426"]
[BlackElo "2264"]
[TimeControl "180+2"]
[EndTime "13:19:12 PDT"]
[Termination "Doraemon7 won by resignation"]

1. d4 Nf6 2. c4 g6 3. Nc3 d5 4. cxd5 Nxd5 5. e4 Nxc3 6. bxc3 Bg7 7. Qa4+ Nd7 8. Nf3 O-O 9. Be2 c5 10. O-O cxd4 11. cxd4 Nb6 12. Qd1 Bg4 13. Be3 Rc8 14. Qd3 Nc4 15. Rab1 Bxf3 16. Bxf3 Ne5 17. Qd1 Nxf3+ 18.
Qxf3 Qd7 19. e5 b6 20. h4 h5 21. Rbc1 Qa4 22. Qb7 Qxa2 23. Rxc8 1-0

[Event "*** Titled Tuesday Blitz"]
[Site "Chess.com"]
[Date "2018.04.03"]
[Round "2"]
[White "Caisachess"]
[Black "pedromartinez91"]
[Result "0-1"]
[WhiteElo "2212"]
[BlackElo "2365"]
[TimeControl "180+2"]
[EndTime "13:19:13 PDT"]
[Termination "pedromartinez91 won by resignation"]

1. e4 e6 2. d4 d5 3. Bd3 dxe4 4.
Bxe4 Nf6 5. Bf3 Nbd7 6. Ne2 Bd6 7.
Nbc3 O-O 8. O-O e5 9. g3 exd4 10.
Nxd4 Ne5 11. Bg2 Bg4 12. f3 Bd7 13. Bg5 Bc5 14. Ne4 Nxe4 15. Bxd8 Raxd8 16. fxe4 Bg4 17.
Qc1 Bxd4+ 18. Kh1 Be6 19. c3 Bb6 20. Qc2 Ng4 21. Qa4 Nf2+ 22. Kg1 Nd3+ 23. Kh1 Nxb2 24. Qc2 Nc4 25. e5 Ne3 26. Qe4 Bd5 0-1

[Event "*** Titled Tuesday Blitz"]
[Site "Chess.com"]
[Date "2018.04.03"]
[Round "2"]
[White "PrinceMurad09"]
[Black "volodja49"]
[Result "0-1"]
[WhiteElo "2328"]
[BlackElo "2421"]
[TimeControl "180+2"]
[EndTime "13:19:23 PDT"]
[Termination "volodja49 won by resignation"]

1. e4 e6 2. d4 d5 3. exd5 exd5 4. Nf3 c6 5. c4 Nf6 6. Nc3 Be7 7. Be2 O-O 8. O-O dxc4 9. Bxc4 Nbd7 10. Re1 Nb6 11. Bb3 Nfd5 12. Ne5 Be6 13. h3 Re8 14. Bc2 Qc7 15.
Qd3 g6 16. Nxg6 hxg6 17. Rxe6 Bf8 18. Rxe8 Rxe8 19. Bd2 Nb4 20. Qf3 Nxc2 21. Rc1 Nxd4 22. Qd3 Bg7 23. Be3 Rd8 24. Qe4 Nf5 25. Bf4 Qe7 26. Qf3 Nd4 27. Qg3 Nd5 28. Bg5 f6 0-1

[Event "*** Titled Tuesday Blitz"]
[Site "Chess.com"]
[Date "2018.04.03"]
[Round "2"]
[White "ChesterF"]
[Black "Keranke"]
[Result "0-1"]
[WhiteElo "2302"]
[BlackElo "2614"]
[TimeControl "180+2"]
[EndTime "13:19:35 PDT"]
[Termination "Keranke won by resignation"]

1. e4 g6 2. d4 Bg7 3. Nc3 d6 4. Be3 a6 5. Qd2 b5 6. h4 h6 7.
f4 Nf6 8. Bd3 Bb7 9. e5 Ng4 10.
e6 fxe6 11. Bxg6+ Kd7 12. d5 Qg8 13. f5 exd5 14. Bf4 e5 15. Bg3 d4 16. Nd1 Nc6 17.
Ne2 Ne7 18. O-O Qd5 19. Nc1 Nxg6 20. fxg6 Raf8 21. Rxf8 Rxf8 22. Qe2 h5 23. Nd3 Rf2 0-1

[Event "*** Titled Tuesday Blitz"]
[Site "Chess.com"]
[Date "2018.04.03"]
[Round "2"]
[White "FitnessBen"]
[Black "Danny_The_Donkey"]
[Result "1/2-1/2"]
[WhiteElo "2509"]
[BlackElo "2653"]
[TimeControl "180+2"]
[EndTime "13:19:38 PDT"]
[Termination "Game drawn by agreement"]

1. e4 e6 2. d4 d5 3. Nd2 c5 4. exd5 Qxd5 5. dxc5 Qxc5 6. Ngf3 Nf6 7. Bd3 Nbd7 8. O-O Qc7 9. Nb3 Be7 10. c3 O-O 11. Bc2 a6 12. Bg5 b5 13. Bh4 Bb7 14.
Bg3 Qb6 15. Qe2 Rfd8 16. a4 bxa4 17. Rxa4 Bc6 18. Rd4 Nc5 19. Nxc5 Bxc5 20. Rxd8+ Rxd8 21. b4 Be7 22. Rd1 Rc8 23. Bb3 a5 24. Nd4 Bd7 25.
bxa5 Qxa5 26. Nxe6 1/2-1/2

[Event "*** Titled Tuesday Blitz"]
[Site "Chess.com"]
[Date "2018.04.03"]
[Round "2"]
[White "guillembaches"]
[Black "nOcHeaTiNgKiD"]
[Result "1-0"]
[WhiteElo "2259"]
[BlackElo "2377"]
[TimeControl "180+2"]
[EndTime "13:19:48 PDT"]
[Termination "guillembaches won by resignation"]

1. d4 Nf6 2. Bf4 d5 3. e3 g6 4. Nc3 Bg7 5. h4 h5 6. Nf3 O-O 7. Be2 c5 8. Nb5 Na6 9. c3 Ne4 10. O-O Bg4 11. a4 e6 12. Ng5 Bxe2 13. Qxe2 Qd7 14.
Nxe4 dxe4 15. Rad1 cxd4 16. exd4 f5 17. Be5 Bxe5 18.
dxe5 Qg7 19. f4 Qe7 20. Rd6 Nc5 21. Qc4 Rac8 22. Nxa7 Rc7 23. Nb5 Rc6 24. Rxc6 bxc6 25. Nd4 Kf7 26. Nxc6 1-0

[Event "*** Titled Tuesday Blitz"]
[Site "Chess.com"]
[Date "2018.04.03"]
[Round "2"]
[White "lolo9292"]
[Black "SL0M"]
[Result "1-0"]
[WhiteElo "1769"]
[BlackElo "1694"]
[TimeControl "180+2"]
[EndTime "13:19:56 PDT"]
[Termination "lolo9292 won by resignation"]

1. e4 e6 2. d3 d5 3. Nd2 Nf6 4.
Ngf3 c5 5. g3 Be7 6. Bg2 O-O 7.
O-O Nc6 8. Re1 b5 9. e5 Nd7 10.
Nf1 a5 11. h4 f6 12. exf6 Nxf6 13. Ng5 e5 14. c4 h6 15. cxd5 Nxd5 16. Qb3 c4 17.
dxc4 Nd4 18. Qd3 hxg5 19. Bxd5+ Kh8 20. Bxa8 Bf5 21. Be4 bxc4 22. Qxc4 Bxe4 23. Rxe4 Nf3+ 24. Kg2 gxh4 25. Be3 Bg5 26. Bxg5 Qxg5 27. Rxh4+ Nxh4+ 28. Qxh4+ Qxh4 29. gxh4 Rc8 30. Ne3 1-0

[Event "*** Titled Tuesday Blitz"]
[Site "Chess.com"]
[Date "2018.04.03"]
[Round "2"]
[White "Firouzja2003"]
[Black "lukas_111111"]
[Result "1-0"]
[WhiteElo "2752"]
[BlackElo "2534"]
[TimeControl "180+2"]
[EndTime "13:20:03 PDT"]
[Termination "Firouzja2003 won by resignation"]

1. d4 d5 2. c4 e6 3. Nf3 Nf6 4.
g3 Bb4+ 5. Nbd2 O-O 6. Bg2 dxc4 7.
Qc2 Nc6 8. Qxc4 Ne4 9. Qd3 Nxd2 10. Bxd2 Bxd2+ 11. Qxd2 Qd6 12. Rc1 Rd8 13. Qc3 Bd7 14. O-O Rac8 15. Rfd1 Be8 16. e3 f6 17. Nd2 Qe7 18. Ne4 Nb4 19. Qb3 c6 20. Nc5 a5 21.
a3 Nd5 22. Qxb7 Qf8 23. Nxe6 1-0

[Event "*** Titled Tuesday Blitz"]
[Site "Chess.com"]
[Date "2018.04.03"]
[Round "2"]
[White "Tramontanaaa"]
[Black "DrHolmes13"]
[Result "0-1"]
[WhiteElo "2372"]
[BlackElo "2456"]
[TimeControl "180+2"]
[EndTime "13:20:03 PDT"]
[Termination "DrHolmes13 won by resignation"]

1. e4 c6 2. Nc3 d5 3. Nf3 Nf6 4. e5 Ne4 5. Ne2 Qb6 6. d4 e6 7. Ng3 c5 8. Bd3 Nxg3 9. hxg3 cxd4 10. Nxd4 Bc5 11. c3 Nc6 12. Nxc6 Bxf2+ 13. Kf1 bxc6 14. Qf3 Bc5 15. b4 Be7 16. Be3 Qc7 17. Bd4 a5 18. Rh5 axb4 19. cxb4 Bxb4 20. Bxh7 c5 21. Bb2 Ba6+ 22. Kg1 O-O-O 23. a3 Ba5 24. Bc2 Rxh5 25. Qxh5 d4 26. Be4 d3 27. Rd1 c4 28. Bc1 d2 29. Bxd2 Bxd2 30. Qf3 Qb6+ 31. Kh2 Rh8+ 0-1

[Event "*** Titled Tuesday Blitz"]
[Site "Chess.com"]
[Date "2018.04.03"]
[Round "2"]
[White "Konavets"]
[Black "Kimster98"]
[Result "1-0"]
[WhiteElo "2770"]
[BlackElo "2602"]
[TimeControl "180+2"]
[EndTime "13:20:06 PDT"]
[Termination "Konavets won by resignation"]

1. d4 Nf6 2. Bf4 d5 3. e3 e6 4. Nf3 Bd6 5. Bg3 O-O 6. Nbd2 c5 7. c3 b6 8. Qa4 a5 9. Ne5 Qc7 10. Bd3 Ba6 11. Bb1 Nbd7 12. f4 b5 13. Qc2 Bb7 14. Bh4 Ne4 15. Nxe4 dxe4 16. O-O f5 17. Qb3 Bd5 18. Qxb5 Bxe5 19. fxe5 cxd4 20. cxd4 Rab8 21.
Qe2 Rfc8 22. Qf2 Bc4 23. Rc1 Qb7 24. b3 Bd3 25. Bxd3 exd3 26. Rxc8+ Rxc8 27. Rd1 Rc2 28. Qg3 Kf7 29. h3 h6 30. Rxd3 Qe4 31. Rd1 g5 32. Bxg5 hxg5 33. Qxg5 Re2 34. Qh5+ 1-0

[Event "*** Titled Tuesday Blitz"]
[Site "Chess.com"]
[Date "2018.04.03"]
[Round "2"]
[White "PchelkinVK"]
[Black "Yurovskykh_Oleksandr"]
[Result "1-0"]
[WhiteElo "2371"]
[BlackElo "2359"]
[TimeControl "180+2"]
[EndTime "13:20:08 PDT"]
[Termination "PchelkinVK won on time"]

1. d4 Nf6 2. Nc3 d5 3. Bf4 c5 4. e4 dxe4 5. dxc5 Qa5 6. Qd4 Nc6 7. Bb5 Bd7 8. Bxc6 Bxc6 9. b4 Rd8 10. Qc4 Qa3 11. Bc1 Qa6 12. b5 Qa5 13. bxc6 bxc6 14. Ne2 e6 15. O-O Qxc5 16. Qxc5 Bxc5 17. Bg5 Be7 18. Rad1 1-0

[Event "*** Titled Tuesday Blitz"]
[Site "Chess.com"]
[Date "2018.04.03"]
[Round "2"]
[White "yobdc"]
[Black "Gattass"]
[Result "0-1"]
[WhiteElo "2075"]
[BlackElo "2195"]
[TimeControl "180+2"]
[EndTime "13:20:09 PDT"]
[Termination "Gattass won by resignation"]

1. d4 d5 2. c4 c6 3. Nf3 Nf6 4. Nc3 dxc4 5. a4 Bf5 6. Ne5 Nbd7 7. Nxc4 Qc7 8. g3 e5 9. dxe5 Nxe5 10. Bf4 Nfd7 11. Bg2 Be6 12. Nxe5 Nxe5 13. O-O Rd8 14. Qc1 f6 15. Ne4 Be7 16. Nc5 Bd5 17. Bxd5 Rxd5 18. Ne6 Qd7 19. Nxg7+ Kf7 20. Bxe5 Rxe5 21.
Rd1 Qh3 22. Qc4+ Kxg7 23. Rd7 0-1

[Event "*** Titled Tuesday Blitz"]
[Site "Chess.com"]
[Date "2018.04.03"]
[Round "2"]
[White "Alopekos"]
[Black "vovachesss"]
[Result "0-1"]
[WhiteElo "2315"]
[BlackElo "2430"]
[TimeControl "180+2"]
[EndTime "13:20:35 PDT"]
[Termination "vovachesss won on time"]

1. e4 e5 2. Nf3 d5 3. exd5 e4 4. Qe2 Nf6 5. d3 Qxd5 6. Nbd2 Nc6 7. Nxe4 Be6 8. Bg5 Be7 9. Nxf6+ gxf6 10. Bf4 O-O-O 11.
c3 Rde8 12. Qe4 Qb5 13. Be2 Bd5 14. Qf5+ Kb8 15. O-O Qxb2 16. Qxd5 Qxe2 17. Rfe1 Qc2 18. Qd7 Ka8 19. Qxc7 Bc5 20. Rf1 Re7 0-1

[Event "*** Titled Tuesday Blitz"]
[Site "Chess.com"]
[Date "2018.04.03"]
[Round "2"]
[White "Bad4life"]
[Black "maximlavrov"]
[Result "0-1"]
[WhiteElo "2398"]
[BlackElo "2363"]
[TimeControl "180+2"]
[EndTime "13:20:36 PDT"]
[Termination "maximlavrov won by resignation"]

1. e4 g6 2. d4 Bg7 3. Nc3 d6 4.
f4 a6 5. Nf3 b5 6. a3 Bb7 7. Bd3 Nd7 8. O-O c5 9. e5 cxd4 10. Ne4 dxe5 11. fxe5 Nxe5 12. Nxe5 Bxe5 13. Ng5 Nf6 14. Qe1 Qd6 15. Bd2 Bxh2+ 16. Kh1 Nh5 17. Be4 Ng3+ 18. Kxh2 Nxf1+ 19. Kg1 Nxd2 20. Bxb7 Rb8 21.
Bxa6 Qxa6 22. Qxd2 O-O 23. Rf1 f6 24. Ne4 e5 25.
Qh6 Qc6 26. Qh4 f5 27. Ng5 Rb7 28. Qe1 e4 29. Qd1 Rd7 30. c3 dxc3 31. Qc1 c2 32.
Kh2 Rfd8 33. Qe3 Qc7+ 34. g3 Rd2+ 35. Kh3 c1=Q 36. Rxc1 Qxc1 37. Qb3+ Qc4 38. Qe3 Qf1+ 0-1

[Event "*** Titled Tuesday Blitz"]
[Site "Chess.com"]
[Date "2018.04.03"]
[Round "2"]
[White "Jospem"]
[Black "Fedor_Dvenyatin"]
[Result "1-0"]
[WhiteElo "2757"]
[BlackElo "2534"]
[TimeControl "180+2"]
[EndTime "13:20:40 PDT"]
[Termination "Jospem won by resignation"]

1. e4 c5 2. Nf3 d6 3. d4 cxd4 4. Nxd4 Nf6 5. Nc3 a6 6. f3 e6 7. Be3 b5 8. Qd2 Nbd7 9. g4 h6 10. O-O-O b4 11. Nce2 Ne5 12. Ng3 d5 13. exd5 Nxd5 14.
Bf2 Qa5 15. Kb1 Bd7 16. Ne4 Rc8 17. Bg3 Nc4 18. Bxc4 Rxc4 19. Rhe1 Be7 20. Nb3 Qb6 21. Nd6+ Bxd6 22. Qxd5 Rc6 23. Bxd6 Qb5 24. Qxb5 axb5 25. Bxb4 Rc4 26. a3 Rf4 27. Nc5 Bc6 28. Nxe6 fxe6 29. Rxe6+ Kf7 30. Rxc6 Rxf3 31. Rd7+ Kg8 32. Rcc7 1-0

[Event "*** Titled Tuesday Blitz"]
[Site "Chess.com"]
[Date "2018.04.03"]
[Round "2"]
[White "Zkid"]
[Black "joppie2"]
[Result "1-0"]
[WhiteElo "2640"]
[BlackElo "2681"]
[TimeControl "180+2"]
[EndTime "13:20:44 PDT"]
[Termination "Zkid won by resignation"]

1. e4 e5 2. Nf3 Nc6 3. Bc4 Nf6 4. Ng5 d5 5. exd5 Na5 6. Bb5+ c6 7. dxc6 bxc6 8.
Be2 h6 9. Nf3 e4 10. Ne5 Bd6 11. d4 exd3 12. Nxd3 O-O 13. Nd2 Re8 14. O-O Qc7 15.
Nf3 Bf5 16. b3 Rad8 17. Bb2 Nd5 18. Re1 Nf4 19. Nxf4 Bxf4 20. Bd3 Bg4 21. Rxe8+ Rxe8 22. h3 Bh5 23. g4 Bg6 24. Bxg6 fxg6 25. Qd3 Qf7 26.
Kg2 Nb7 27. Re1 Rf8 28. Qe4 Nd6 29. Qxc6 Rc8 30. Qa6 Rxc2 31. Re2 Rxe2 32. Qxe2 Qd5 33. Qe7 Nf7 34. Qxa7 Kh7 35. Qd4 Qxd4 36. Bxd4 Nd8 37.
a4 Ne6 38. Be3 Bd6 39. Nd4 Nc5 40. Nb5 Be7 41. Bxc5 1-0

[Event "*** Titled Tuesday Blitz"]
[Site "Chess.com"]
[Date "2018.04.03"]
[Round "2"]
[White "Blitzstream"]
[Black "pulvettd"]
[Result "0-1"]
[WhiteElo "2455"]
[BlackElo "2436"]
[TimeControl "180+2"]
[EndTime "13:20:45 PDT"]
[Termination "pulvettd won by resignation"]

1. e4 c5 2. c3 d5 3. exd5 Qxd5 4. Nf3 Nf6 5. d4 e6 6. Na3 Nc6 7. Nb5 Qd8 8. Bf4 Nd5 9. Bg3 a6 10. Na3 cxd4 11. Nxd4 Bxa3 12. Nxc6 bxc6 13. bxa3 Qf6 14. Qd4 Nxc3 15. Be5 Qg6 16. Bd3 Qxg2 17. Qxc3 Qxh1+ 18. Ke2 Qd5 19. Bxg7 Rg8 20. Bxh7 Qh5+ 21. Ke1 Qxh7 22.
Qxc6+ Bd7 23. Qxa8+ Ke7 24. Qa7 Qe4+ 25. Kd2 Rxg7 26. Qc5+ Ke8 27. Qc7 Qd4+ 28. Kc2 Ba4+ 0-1

[Event "*** Titled Tuesday Blitz"]
[Site "Chess.com"]
[Date "2018.04.03"]
[Round "2"]
[White "pedroholly22"]
[Black "XiaoKangZhong"]
[Result "1-0"]
[WhiteElo "2217"]
[BlackElo "2040"]
[TimeControl "180+2"]
[EndTime "13:20:49 PDT"]
[Termination "pedroholly22 won by checkmate"]

1. e4 c5 2. Nf3 e6 3. d4 cxd4 4. Nxd4 Nc6 5. Nxc6 bxc6 6. Bd3 d5 7. O-O Bc5 8. Qg4 Qf6 9. Nc3 e5 10. Qe2 Ne7 11.
exd5 cxd5 12. Bb5+ Bd7 13. Bxd7+ Kxd7 14. Rd1 Qe6 15.
Nxd5 Nxd5 16. Qb5+ Ke7 17. Qxc5+ Kf6 18. Qxd5 Rhd8 19.
Qf3+ Ke7 20. Be3 Kf8 21. Bc5+ Kg8 22. b4 Rac8 23. a4 a5 24. c3 Qc4 25. Re1 f6 26. Rad1 Rxd1 27. Rxd1 Qb3 28. Qd5+ Qxd5 29. Rxd5 axb4 30.
cxb4 Kf7 31. a5 Ke6 32. Rd6+ Kf5 33. a6 e4 34. a7 Ke5 35. Rb6 Rd8 36. g3 Kf5 37.
Rb8 Rd7 38. a8=Q Kg4 39. Qxe4+ Kh3 40. Qf5# 1-0

[Event "*** Titled Tuesday Blitz"]
[Site "Chess.com"]
[Date "2018.04.03"]
[Round "2"]
[White "vsuri97"]
[Black "GMHess"]
[Result "0-1"]
[WhiteElo "2637"]
[BlackElo "2501"]
[TimeControl "180+2"]
[EndTime "13:20:50 PDT"]
[Termination "GMHess won by resignation"]

1. Nf3 Nf6 2. g3 e6 3. Bg2 d5 4. O-O Be7 5. c4 dxc4 6. Qa4+ Bd7 7. Qxc4 Bc6 8. Nc3 O-O 9. d3 Nbd7 10. b4 Bxf3 11.
Bxf3 Ne5 12. Qf4 Nxf3+ 13. Qxf3 Bxb4 14. Bb2 c6 15. Rab1 a5 16. Rfc1 Qe7 17. Na4 Nd7 18. Qg4 f5 19. Qd4 e5 20. Qc4+ Kh8 21. Qb3 b5 22. Nc3 Nc5 23. Qc2 Ne6 24. Nd1 Nd4 25.
Bxd4 exd4 26. e3 Ba3 27. Nb2 dxe3 28. Qxc6 exf2+ 29. Kxf2 Rae8 30. Re1 Qa7+ 31. Kf1 Rxe1+ 32. Rxe1 Bxb2 33. Re8 Qf7 34. Rxf8+ Qxf8 35. Qxb5 Bc3 0-1